 Dungeon Crawl Stone Soup version 0.21.1-1-g345015fe64 (webtiles) character file.

70 LevaFresel the Bolt Thrower (level 4, -4/27 HPs)
             Began as a Kobold Hunter on June 7, 2018.
             Killed from afar by Sigmund (12 damage)
             ... with a puff of flame
             ... on level 2 of the Dungeon.
             The game lasted 00:08:03 (1928 turns).

LevaFresel the Bolt Thrower (Kobold Hunter)         Turns: 1928, Time: 00:08:03

Health: -4/27      AC:  5    Str: 10    XL:     4   Next: 45%
Magic:  4/4        EV: 14    Int: 12    God:
Gold:   128        SH:  0    Dex: 15    Spells: 3/3 levels left

rFire    . . .     SeeInvis .   b - +1 dagger (elec)
rCold    . . .     Gourm    .   (shield restricted)
rNeg     . . .     Faith    .   e - +0 ring mail
rPois    .         Spirit   .   (no helmet)
rElec    .         Reflect  .   (no cloak)
rCorr    .         Harm     .   (no gloves)
MR       .....                  (no boots)
Stlth    +.........             (no amulet)
HPRegen  0.09/turn              (no ring)
MPRegen  0.09/turn              (no ring)

@: no status effects
A: small, carnivore
a: no special abilities


You were on level 2 of the Dungeon.
You were very full.

You visited 1 branch of the dungeon, and saw 2 of its levels.

You collected 128 gold pieces.

Inventory:

Hand Weapons
 a - a +1 hand crossbow
 b - a +1 dagger of electrocution (weapon)
 i - a +0 short sword
Missiles
 d - 20 bolts
 g - 78 stones (quivered)
Armour
 e - a +0 ring mail (worn)
Scrolls
 h - a scroll of enchant armour {unknown}
 j - a scroll of identify
 l - a scroll of blinking {unknown}
 n - a scroll of remove curse {unknown}
 o - a scroll of immolation {unknown}
Potions
 c - 3 potions of curing {unknown}
 k - a potion of flight {unknown}
 m - 2 potions of magic {unknown}
Comestibles
 f - 2 rations


   Skills:
 + Level 2.8 Fighting
 + Level 2.0 Short Blades
 + Level 5.2 Crossbows
 + Level 1.1 Armour
 + Level 3.1 Dodging
 - Level 2.0 Stealth


You had 3 spell levels left.
You didn't know any spells.

Dungeon Overview and Level Annotations

Branches:
Dungeon (2/15)

Altars:

Annotations:
D:2 Sigmund


Innate Abilities, Weirdness & Mutations

You are small and have problems with some larger weapons.
You are carnivorous and can eat meat at any time.


Message History

You closely miss the giant cockroach.
The giant cockroach is heavily wounded.
The giant cockroach bites you but does no damage.
You hit the giant cockroach.
The giant cockroach is severely wounded.
The giant cockroach bites you but does no damage.
You completely miss the giant cockroach.
The giant cockroach is severely wounded.
The giant cockroach barely misses you.
You hit the giant cockroach but do no damage.
The giant cockroach is heavily wounded.
The giant cockroach bites you but does no damage.
Something hits you but does no damage.
You hit the giant cockroach but do no damage.
Lightning courses through the giant cockroach!
You kill the giant cockroach!
You hear some strange, mumbled words.
A puff of flame appears from out of thin air!
The puff of flame hits you!
You die...

###.#.####.#.)#...#..........#
#.....# #.#).#...#..........#
#.###.####.####.###.†........#
....................##...########
.....................+...'.[.....
.................#####...###.####
.......#.........## #...###.####
.....##...........# ####........
....#.#.........@.## #.##.####
..##.#.............# #.##.#
.#.##............#.# #.##.#
#.#.#............#..# #.##.#
##.#)............##.# #.##.#
.##.)............# .. #.##.#
.................# #.# #.##.#
.......).........# .# #.##.#
.##..............# #....#


There were no monsters in sight!

Vanquished Creatures
  2 adders (D:2)
  A worm (D:2)
  2 dart slugs (D:2)
  3 leopard geckos
  4 bats
  4 giant cockroaches
  5 goblins
  7 hobgoblins
  2 quokkas (D:2)
  2 ball pythons
  5 frilled lizards
  3 kobolds
  3 rats (D:2)
43 creatures vanquished.

Notes
Turn   | Place    | Note
-------+----------+-------------------------------------------
     0 | D:1      | LevaFresel the Kobold Hunter began the quest for the Orb.
     0 | D:1      | Reached XP level 1. HP: 12/12 MP: 1/1
   424 | D:1      | Reached XP level 2. HP: 17/17 MP: 2/2
   680 | D:1      | Reached skill level 1 in Short Blades
   715 | D:1      | Reached XP level 3. HP: 22/22 MP: 3/3
  1452 | D:2      | Reached skill level 5 in Crossbows
  1565 | D:2      | Reached skill level 1 in Armour
  1583 | D:2      | Reached XP level 4. HP: 21/27 MP: 4/4
  1876 | D:2      | Noticed Sigmund
  1928 | D:2      | Killed from afar by Sigmund

Skill      XL: |  1  2  3  4 |
---------------+-------------+-----
Short Blades   | 1 2 |  2.0
Stealth        | 2 |  2.0
Crossbows      | 5 |  5.2
Armour         | 1 |  1.1
Dodging        | 3 |  3.1
Fighting       | |  2.8

Action                   |  1- 3 |  4- 6 || total
-------------------------+-------+-------++-------
Melee: Short sword       |    61 |       ||    61
       Dagger            |    42 |    42 ||    84
  Use: Scroll            |     1 |       ||     1
 Stab: Sleeping          |     2 |       ||     2
  Eat: Chunk             |     5 |     6 ||    11
Armor: Leather armour    |     9 |       ||     9
       Ring mail         |    19 |    18 ||    37
Dodge: Dodged            |    67 |    26 ||    93
